 Dungeon Crawl Stone Soup version 0.18.1-8-gdd0e5ea (webtiles) character file.

15 M4edhros the Sneak (level 2, 0/18 HPs)
             Began as an Octopode Artificer on June 7, 2016.
             Slain by a jackal (2 damage)
             ... on level 1 of the Dungeon.
             The game lasted 00:00:30 (537 turns).

M4edhros the Sneak (Octopode Artificer)              Turns: 537, Time: 00:00:31

Health: 0/18       AC:  1    Str: 10    XL:     2   Next: 50%
Magic:  4/4        EV: 12    Int: 14    God:
Gold:   11         SH:  0    Dex: 12    Spells: 0 memorised, 1 level left

rFire  . . .     SeeInvis .     a - +0 short sword
rCold  . . .     Gourm    .     (no shield)
rNeg   . . .     Faith    .     (helmet restricted)
rPois  .         Spirit   .     (no amulet)
rElec  .         Dismiss  .     (no ring)
rCorr  .         Reflect  .     (no ring)
SustAt .         Harm     .     (no ring)
MR     .....                    (no ring)
Stlth  +++.......               (no ring)
                                (no ring)
                                (no ring)
                                (no ring)

@: not resistant to hostile enchantments, fairly stealthy
A: almost no armour, amphibious, 8 rings, constrict 8, camouflage 1, gelatinous
body 1
a: no special abilities


You were on level 1 of the Dungeon.
You were not hungry.

You visited 1 branch of the dungeon, and saw 1 of its levels.

You collected 11 gold pieces.

Inventory:

Hand Weapons
 a - a +0 short sword (weapon)
Wands
 b - a wand of flame (15/48)
 c - a wand of enslavement (10/24)
 d - a wand of random effects (15/48)
Scrolls
 e - a scroll of teleportation {unknown}
 g - a scroll of fear {unknown}
 i - a scroll of magic mapping {unknown}
Potions
 h - a potion of berserk rage {unknown}
Comestibles
 f - a bread ration
 j - a royal jelly


   Skills:
 - Level 1.0 Fighting
 - Level 1.0 Short Blades
 - Level 2.0 Dodging
 + Level 3.5 Stealth
 - Level 3.2 Evocations


You had one spell level left.
You didn't know any spells.

Dungeon Overview and Level Annotations

Branches:
Dungeon (1/15)

Altars:


Innate Abilities, Weirdness & Mutations

You cannot wear most types of armour.
You are amphibious.
You can wear up to eight rings at the same time.
You can use your tentacles to constrict eight enemies at once.
Your skin changes colour to match your surroundings (Stealth).
Your rubbery body absorbs attacks (AC +1).


Message History

The jackal bites your jackal.
Your jackal bites the jackal.
The jackal barely misses your jackal. The jackal closely misses your jackal.
The jackal misses you.
Evoke which item? (* to show all) (? for menu, Esc to quit)
Zapping:
c - a wand of enslavement (12/24)
Press: ? - help, Shift-Dir - straight line, f - jackal
Aim: a jackal (chance to defeat MR: 85%)
The jackal struggles to resist.
This wand has 11 charges left.
Your jackal barely misses the jackal.
The jackal bites your jackal but does no damage.
The jackal bites your jackal. The jackal bites you.
* * * LOW HITPOINT WARNING * * *
Your jackal bites the jackal.
Evoke which item? (* to show all) (? for menu, Esc to quit)
Zapping:
c - a wand of enslavement (11/24)
Press: ? - help, Shift-Dir - straight line, f - jackal
Aim: a jackal (chance to defeat MR: 85%)
The jackal struggles to resist.
This wand has 10 charges left.
The jackal barely misses your jackal. x2; The jackal bites you.
You die...

#......# ######...
#......# #........
#......##### #......#.#
#..........# #......#..
..........# #......##.
#####.......####.........
#........................
......hh.$..............#
......hh@###............#
..!......#..............#
.........#..............#
....######.....##.......#
##########.....(.......##
#..................#
#............#######
#............#
#............#


You could see 3 jackals and a friendly jackal.

Vanquished Creatures
  3 goblins (D:1)
  A hobgoblin (D:1)
  2 jackals (D:1)
  A kobold (D:1)
  4 bats (D:1)
  3 giant newts (D:1)
  2 rats (D:1)
16 creatures vanquished.

Notes
Turn   | Place    | Note
--------------------------------------------------------------
     0 | D:1      | M4edhros the Octopode Artificer began the quest for the Orb.
     0 | D:1      | Reached XP level 1. HP: 13/13 MP: 3/3
   348 | D:1      | Reached XP level 2. HP: 9/18 MP: 4/4
   537 | D:1      | Slain by a jackal

Skill      XL: |  1  2 |
---------------+-------+-----
Stealth        | 2 3 |  3.5
Fighting       | |  1.0
Short Blades   | |  1.0
Dodging        | |  2.0
Evocations     | |  3.2

Action                   || total
-------------------------++-------
Melee: Short sword       ||    44
       Constrict         ||    12
       Tentacles         ||     6
Evoke: Wand              ||     5
  Use: Potion            ||     1
Armor: Skin              ||    11
Dodge: Dodged            ||    50
